[ AOE2 MATCH · #506580820 ]
UnrankedIncas vs Ethiopians
Player's team · WIN
Rival team · LOSS
[ REPLAY ANALYSIS · EXTRACTED FROM THE RECORDED GAME ]
Feudal
12:35
Castle
16:08
Imperial
35:26
| APM avg | 48.6 |
| APM peak | 104 |
| eAPM avg | 28.2 |
| Villagers / military | 105 / 24 |
Focus
⚔️ 25.6% · 🌾 74.4%
Unknown (2550) ×105 · Spearman ×17 · Battering Ram ×4 · Monk ×3
Feudal
10:45
Castle
15:14
Imperial
33:28
| APM avg | 48.1 |
| APM peak | 79 |
| eAPM avg | 22.2 |
| Villagers / military | 91 / 42 |
Focus
⚔️ 23.8% · 🌾 76.2%
Scorpion ×15 · Shotel Warrior ×14 · Monk ×7 · Knight ×5 · Trebuchet (Packed) ×1
Match map
Initial resources + every placement click. Lines = walls · curves = elevation contours. ◆ gold · ⬟ stone · ● berries · ✦ relic · ◌ wall gap
Your base· ✓ Closed at 16:08 · 19t walls · 1 gate(s)
ENroth's base· Open — 5t gap
Smoothed initial terrain · ◌ = detected wall gap · hover for details
Inputs per minute
— PowerBug96 - - ENroth
Build order — PowerBug96
First 150 of 344 actions detected
| 0:00 | Queue | Villager (Male) |
| 0:00 | Queue | Villager (Male) |
| 0:01 | Queue | Villager (Male) |
| 0:02 | Build | House |
| 0:17 | Queue | Villager (Male) |
| 0:17 | Queue | Villager (Male) |
| 1:17 | Queue | Villager (Male) |
| 1:44 | Build | Settlement |
| 1:52 | Queue | Villager (Male) |
| 2:29 | Queue | Villager (Male) |
| 2:29 | Queue | Villager (Male) |
| 2:49 | Queue | Villager (Male) |
| 2:49 | Queue | Villager (Male) |
| 3:42 | Queue | Villager (Male) |
| 3:42 | Queue | Villager (Male) |
| 3:58 | Queue | Villager (Male) |
| 3:59 | Queue | Villager (Male) |
| 4:44 | Build | Barracks |
| 4:49 | Queue | Villager (Male) |
| 4:50 | Queue | Villager (Male) |
| 4:50 | Queue | Villager (Male) |
| 5:08 | Build | House |
| 5:41 | Queue | Villager (Male) |
| 5:41 | Queue | Villager (Male) |
| 6:10 | Queue | Villager (Male) |
| 6:11 | Queue | Unit 2550 |
| 6:11 | Queue | Unit 2550 |
| 6:12 | Queue | Unit 2550 |
| 6:15 | Build | Settlement |
| 6:23 | Build | Palisade Wall |
| 6:26 | Queue | Villager (Male) |
| 7:02 | Build | Palisade Wall |
| 7:05 | Build | Palisade Wall |
| 7:07 | Build | Palisade Wall |
| 7:16 | Queue | Villager (Male) |
| 7:32 | Queue | Villager (Male) |
| 7:44 | Build | Palisade Gate |
| 7:57 | Queue | Villager (Male) |
| 8:06 | Research | Loom |
| 8:16 | Build | Settlement |
| 8:25 | Queue | Villager (Male) |
| 8:26 | Queue | Villager (Male) |
| 8:26 | Queue | Unit 2550 |
| 8:41 | Queue | Villager (Male) |
| 8:46 | Queue | Villager (Male) |
| 9:01 | Queue | Unit 2550 |
| 9:40 | Queue | Unit 2550 |
| 9:43 | Queue | Villager (Male) |
| 10:15 | Research | Feudal Age |
| 10:26 | Queue | Unit 2550 |
| 10:42 | Queue | Villager (Male) |
| 10:43 | Queue | Villager (Male) |
| 11:08 | Queue | Unit 2550 |
| 11:39 | Build | Farm |
| 12:35 | Age | Feudal Age |
| 12:37 | Build | Blacksmith |
| 12:39 | Build | Market |
| 13:28 | Research | Castle Age |
| 13:28 | Research | Castle Age |
| 13:47 | Research | Tech 1402 |
| 13:53 | Queue | Villager (Male) |
| 13:58 | Queue | Spearman |
| 14:01 | Queue | Villager (Male) |
| 14:08 | Build | Farm |
| 14:10 | Build | Farm |
| 14:12 | Build | Farm |
| 14:33 | Research | Double-Bit Axe |
| 14:42 | Build | Farm |
| 14:49 | Research | Scale Mail Armor |
| 15:00 | Queue | Spearman |
| 15:06 | Research | Arson |
| 15:15 | Build | Farm |
| 15:33 | Queue | Unit 2550 |
| 15:33 | Queue | Unit 2550 |
| 15:48 | Build | House |
| 15:52 | Build | House |
| 16:08 | Age | Castle Age |
| 16:09 | Research | Tech 1351 |
| 16:09 | Research | Tech 1351 |
| 16:16 | Build | Settlement |
| 16:19 | Queue | Villager (Male) |
| 16:26 | Queue | Unit 2550 |
| 16:47 | Research | Squires |
| 16:55 | Queue | Villager (Male) |
| 16:58 | Build | Farm |
| 17:33 | Research | Chain Mail Armor |
| 17:51 | Queue | Unit 2550 |
| 17:51 | Queue | Unit 2550 |
| 17:55 | Build | Farm |
| 17:57 | Build | Farm |
| 17:59 | Build | Farm |
| 18:22 | Queue | Villager (Male) |
| 18:29 | Queue | Villager (Male) |
| 18:36 | Build | Settlement |
| 18:46 | Queue | Villager (Male) |
| 18:47 | Queue | Unit 2550 |
| 19:02 | Build | Farm |
| 19:23 | Build | Settlement |
| 19:26 | Queue | Unit 2550 |
| 19:30 | Queue | Villager (Male) |
| 19:32 | Research | Forging |
| 19:44 | Research | Wheelbarrow |
| 19:50 | Queue | Spearman |
| 19:58 | Queue | Villager (Male) |
| 20:15 | Queue | Villager (Male) |
| 20:23 | Build | Farm |
| 20:29 | Queue | Unit 2550 |
| 20:32 | Queue | Villager (Male) |
| 20:34 | Queue | Unit 2550 |
| 20:59 | Build | Monastery |
| 21:22 | Queue | Unit 2550 |
| 21:23 | Queue | Unit 2550 |
| 21:23 | Queue | Unit 2550 |
| 21:24 | Queue | Villager (Male) |
| 21:44 | Research | Iron Casting |
| 21:54 | Queue | Villager (Male) |
| 21:58 | Queue | Monk |
| 22:13 | Research | Pikeman (upgrade) |
| 22:13 | Queue | Unit 2550 |
| 22:26 | Queue | Monk |
| 22:28 | Build | House |
| 22:41 | Queue | Villager (Male) |
| 22:49 | Build | Farm |
| 22:50 | Build | Farm |
| 22:54 | Build | Town Center |
| 23:02 | Queue | Unit 2550 |
| 23:03 | Queue | Villager (Male) |
| 23:05 | Build | Farm |
| 23:15 | Build | Farm |
| 23:29 | Queue | Unit 2550 |
| 23:31 | Queue | Villager (Male) |
| 23:34 | Build | Farm |
| 23:36 | Build | Farm |
| 24:05 | Queue | Unit 2550 |
| 24:06 | Queue | Villager (Male) |
| 24:07 | Build | Farm |
| 24:08 | Build | Farm |
| 24:16 | Queue | Villager (Male) |
| 24:16 | Queue | Villager (Male) |
| 24:17 | Queue | Villager (Male) |
| 24:17 | Queue | Villager (Male) |
| 24:25 | Queue | Unit 2550 |
| 24:25 | Queue | Unit 2550 |
| 24:31 | Research | Town Watch |
| 24:31 | Queue | Villager (Male) |
| 24:33 | Research | Hand Cart |
| 24:39 | Queue | Villager (Male) |
| 24:41 | Build | Farm |
| 24:43 | Queue | Villager (Male) |
| 25:08 | Queue | Unit 2550 |
Build order — ENroth
First 150 of 248 actions detected
| 0:01 | Queue | Villager (Male) |
| 0:01 | Queue | Villager (Male) |
| 0:01 | Queue | Villager (Male) |
| 0:03 | Build | House |
| 0:24 | Build | House |
| 0:26 | Build | House |
| 0:36 | Queue | Villager (Male) |
| 0:44 | Build | House |
| 1:28 | Queue | Villager (Male) |
| 1:29 | Queue | Villager (Male) |
| 2:11 | Build | Lumber Camp |
| 2:13 | Queue | Villager (Male) |
| 2:33 | Queue | Villager (Male) |
| 2:34 | Queue | Villager (Male) |
| 2:34 | Queue | Villager (Male) |
| 2:34 | Queue | Villager (Male) |
| 3:00 | Queue | Villager (Male) |
| 3:01 | Queue | Villager (Male) |
| 3:01 | Queue | Villager (Male) |
| 3:29 | Queue | Villager (Male) |
| 4:07 | Queue | Villager (Male) |
| 4:45 | Queue | Villager (Male) |
| 4:46 | Queue | Villager (Male) |
| 5:09 | Queue | Villager (Male) |
| 5:39 | Queue | Villager (Male) |
| 5:40 | Queue | Villager (Male) |
| 6:16 | Queue | Villager (Male) |
| 6:16 | Queue | Villager (Male) |
| 6:17 | Queue | Villager (Male) |
| 6:17 | Queue | Villager (Male) |
| 6:17 | Queue | Villager (Male) |
| 6:40 | Build | Mill |
| 7:05 | Research | Loom |
| 7:20 | Build | Mining Camp |
| 8:13 | Build | House |
| 8:22 | Build | House |
| 8:26 | Build | Palisade Wall |
| 8:35 | Research | Feudal Age |
| 8:38 | Build | Palisade Wall |
| 8:39 | Build | Palisade Wall |
| 8:40 | Build | Palisade Wall |
| 8:43 | Build | House |
| 8:54 | Build | Palisade Wall |
| 8:56 | Build | Palisade Wall |
| 8:57 | Build | Palisade Wall |
| 8:57 | Build | Palisade Wall |
| 8:58 | Build | Palisade Wall |
| 8:58 | Build | Palisade Wall |
| 9:09 | Build | Barracks |
| 9:13 | Build | Palisade Wall |
| 9:14 | Build | Palisade Wall |
| 9:15 | Build | Palisade Wall |
| 9:16 | Build | Palisade Wall |
| 9:17 | Build | Palisade Wall |
| 10:26 | Queue | Villager (Male) |
| 10:27 | Queue | Villager (Male) |
| 10:45 | Age | Feudal Age |
| 10:51 | Build | Stable |
| 10:55 | Build | Blacksmith |
| 10:58 | Queue | Villager (Male) |
| 11:47 | Build | House |
| 12:34 | Research | Castle Age |
| 12:34 | Research | Castle Age |
| 12:50 | Build | House |
| 13:08 | Research | Double-Bit Axe |
| 13:24 | Build | House |
| 13:27 | Build | Palisade Wall |
| 13:58 | Queue | Villager (Male) |
| 13:58 | Queue | Villager (Male) |
| 14:04 | Research | Horse Collar |
| 14:14 | Build | Outpost |
| 14:23 | Build | Palisade Wall |
| 15:14 | Age | Castle Age |
| 15:19 | Queue | Villager (Male) |
| 15:22 | Queue | Knight |
| 15:23 | Queue | Knight |
| 15:33 | Queue | Knight |
| 15:35 | Queue | Knight |
| 16:25 | Queue | Villager (Male) |
| 16:25 | Queue | Villager (Male) |
| 16:42 | Queue | Villager (Male) |
| 16:42 | Queue | Villager (Male) |
| 17:36 | Build | Farm |
| 17:41 | Queue | Knight |
| 17:51 | Queue | Villager (Male) |
| 17:51 | Queue | Villager (Male) |
| 17:56 | Build | Town Center |
| 18:08 | Build | Palisade Wall |
| 18:10 | Build | Palisade Wall |
| 18:12 | Queue | Villager (Male) |
| 18:16 | Build | Outpost |
| 18:47 | Build | Outpost |
| 18:50 | Build | Outpost |
| 19:06 | Queue | Villager (Male) |
| 19:07 | Queue | Villager (Male) |
| 19:24 | Build | Monastery |
| 19:35 | Build | Farm |
| 19:37 | Build | Farm |
| 19:52 | Queue | Monk |
| 19:52 | Queue | Monk |
| 20:02 | Queue | Monk |
| 20:15 | Queue | Villager (Male) |
| 20:23 | Build | Farm |
| 20:24 | Build | Farm |
| 20:27 | Build | Farm |
| 20:30 | Build | Farm |
| 20:36 | Build | Farm |
| 20:37 | Queue | Villager (Male) |
| 20:42 | Queue | Villager (Male) |
| 20:43 | Queue | Villager (Male) |
| 20:46 | Research | Heavy Plow |
| 21:00 | Queue | Monk |
| 21:01 | Queue | Monk |
| 21:02 | Build | Farm |
| 22:02 | Queue | Monk |
| 22:13 | Queue | Villager (Male) |
| 22:13 | Queue | Villager (Male) |
| 22:14 | Queue | Villager (Male) |
| 22:14 | Queue | Villager (Male) |
| 22:19 | Build | House |
| 22:21 | Build | House |
| 22:22 | Build | House |
| 22:23 | Build | House |
| 22:27 | Research | Wheelbarrow |
| 22:45 | Build | Farm |
| 22:47 | Build | Farm |
| 22:48 | Build | Farm |
| 23:18 | Build | House |
| 23:26 | Queue | Monk |
| 23:57 | Queue | Villager (Male) |
| 23:57 | Queue | Villager (Male) |
| 24:04 | Queue | Villager (Male) |
| 24:04 | Queue | Villager (Male) |
| 24:05 | Queue | Villager (Male) |
| 24:05 | Research | Town Watch |
| 24:07 | Queue | Villager (Male) |
| 24:12 | Build | Outpost |
| 24:17 | Queue | Villager (Male) |
| 24:18 | Queue | Villager (Male) |
| 24:58 | Queue | Villager (Male) |
| 24:58 | Queue | Villager (Male) |
| 24:58 | Queue | Villager (Male) |
| 24:58 | Queue | Villager (Male) |
| 24:59 | Queue | Villager (Male) |
| 25:05 | Build | House |
| 25:07 | Build | House |
| 25:12 | Queue | Villager (Male) |
| 25:15 | Queue | Villager (Male) |
| 25:15 | Queue | Villager (Male) |
| 25:23 | Queue | Villager (Male) |
Match timeline
| 4:44 | PowerBug96 · first_building Barracks |
| 6:23 | PowerBug96 · wall_segment Palisade Wall x4 |
| 7:02 | PowerBug96 · wall_segment Palisade Wall x4 |
| 7:05 | PowerBug96 · wall_segment Palisade Wall x5 |
| 7:07 | PowerBug96 · wall_segment Palisade Wall x6 |
| 8:26 | ENroth · wall_segment Palisade Wall x1 |
| 8:38 | ENroth · wall_segment Palisade Wall x1 |
| 8:39 | ENroth · wall_segment Palisade Wall x1 |
| 8:40 | ENroth · wall_segment Palisade Wall x1 |
| 8:54 | ENroth · wall_segment Palisade Wall x1 |
| 8:56 | ENroth · wall_segment Palisade Wall x1 |
| 8:57 | ENroth · wall_segment Palisade Wall x1 |
| 8:57 | ENroth · wall_segment Palisade Wall x1 |
| 8:58 | ENroth · wall_segment Palisade Wall x1 |
| 8:58 | ENroth · wall_segment Palisade Wall x1 |
| 9:09 | ENroth · first_building Barracks |
| 9:13 | ENroth · wall_segment Palisade Wall x1 |
| 9:14 | ENroth · wall_segment Palisade Wall x1 |
| 9:15 | ENroth · wall_segment Palisade Wall x1 |
| 9:16 | ENroth · wall_segment Palisade Wall x1 |
| 9:17 | ENroth · wall_segment Palisade Wall x1 |
| 10:45 | ENroth · age_up feudal |
| 10:51 | ENroth · first_building Stable |
| 12:35 | PowerBug96 · age_up feudal |
| 13:27 | ENroth · wall_segment Palisade Wall x1 |
| 13:35 | PowerBug96 · first_market_sell 100 stone |
| 13:36 | PowerBug96 · first_market_buy 100 food |
| 14:23 | ENroth · wall_segment Palisade Wall x1 |
| 15:14 | ENroth · age_up castle |
| 16:08 | PowerBug96 · age_up castle |
| 18:08 | ENroth · wall_segment Palisade Wall x1 |
| 18:10 | ENroth · wall_segment Palisade Wall x1 |
| 19:24 | ENroth · first_building Monastery |
| 20:59 | PowerBug96 · first_building Monastery |
| 26:00 | ENroth · first_building Siege Workshop |
| 26:04 | ENroth · wall_segment Palisade Wall x1 |
| 26:30 | ENroth · first_building Castle |
| 31:52 | PowerBug96 · first_building Castle |
| 33:28 | ENroth · age_up imperial |
| 34:12 | PowerBug96 · first_building Siege Workshop |
| 34:47 | ENroth · wall_segment Palisade Wall x3 |
| 34:49 | ENroth · wall_segment Palisade Wall x1 |
| 35:26 | PowerBug96 · age_up imperial |
| 37:19 | PowerBug96 · wall_segment Palisade Wall x1 |
| 38:08 | ENroth · resign |
[ AI ANALYSIS · 1 CREDIT ]
What really happened in this match?
Wolo.gg analyzes every decision: build order, eco, micro, common mistakes by bracket. Personalized analysis on WhatsApp or Discord in 30 seconds.
Civ guide
Incas
Perfil
PowerBug96